 Dungeon Sprint DCSS version 0.29.1-1-gd02db6906a (webtiles) character file.

Game seed: 2962382594694327781

319 Groucho the Shield-Bearer (level 6, -3/57 HPs)
             Began as a Naga Fighter on Oct 9, 2022.
             Was a Follower of Cheibriados.
             Slain by a two-headed ogre
             ... wielding a +0 giant spiked club
              (19 damage)
             ... in the Dungeon (Sprint IX: "|||||||||||||||||||||||||||||").
             The game lasted 00:01:42 (546 turns).

Groucho the Shield-Bearer (Naga Fighter)             Turns: 546, Time: 00:01:44

Health: -3/57      AC: 12    Str: 20    XL:     6   Next: 46%
Magic:  6/9        EV:  7    Int: 14    God:    Cheibriados [*.....]
Gold:   0          SH:  6    Dex: 14    Spells: 5/5 levels left

rFire   . . .      SeeInvis +   n - +2 scimitar (flame)
rCold   . . .      Faith    .   c - +0 buckler
rNeg    . . .      Spirit   .   o - +1 chain mail
rPois   +          Reflect  .   a - +0 helmet
rElec   .          Harm     .   (no cloak)
rCorr   .          Rampage  .   (no gloves)
Will    .....      NoTele   +   (no barding)
Stlth   ..........              (no amulet)
HPRegen 0.19/turn               b - +3 ring of intelligence
MPRegen 0.11/turn               p - +2 ring of protection

@: invisible, very slow
A: AC +2, large, see invisible, deformed body, poison resistance, slowness 2,
spit poison 1, naga tail 1
a: Spit Poison, Renounce Religion, Bend Time


You were in the Dungeon.
You worshipped Cheibriados.
Cheibriados was aware of your devotion.
You visited 1 branch

Inventory:

Hand Weapons
 m - the +2 morningstar of the Sandy God {antimagic, Str+3}
   (You found it in the Dungeon)

   It reduces the magical energy of the wielder, and disrupts the spells and
   magical abilities of those it strikes.
   Natural abilities and divine invocations are not affected.
   Str:       It affects your strength (+3).
 n - a +2 scimitar of flaming (weapon)
Armour
 a - a +0 helmet (worn)
 c - a +0 buckler (worn)
 o - a +1 chain mail (worn)
Jewellery
 b - a +3 ring of intelligence (left hand)
 p - a +2 ring of protection (right hand)
Wands
 l - a wand of iceblast (10)
Scrolls
 j - 2 scrolls of blinking
 k - 2 scrolls of amnesia
Potions
 d - a potion of might
 e - 5 potions of curing
 g - a potion of haste
 h - 4 potions of magic


   Skills:
 + Level 4.2 Fighting
 * Level 4.0 Long Blades
 - Level 2.0 Axes
 * Level 6.1 Armour
 + Level 4.8 Dodging
 * Level 6.7 Shields
 * Level 4.4 Invocations


You had 5 spell levels left.
You didn't know any spells.
Your spell library was empty.

Dungeon Overview and Level Annotations

Branches:
Dungeon (1/1)

Altars:
Cheibriados
Dithmenos
Elyvilon
Fedhas
Gozag
Hepliaklqana
Kikubaaqudgha
Makhleb
Nemelex Xobeh
Okawaru
Qazlal
Ru
Sif Muna
Trog
Uskayaw
Vehumet
Wu Jian
Xom
Yredelemnul
Zin
The Shining One
Jiyva
Lugonu


Innate Abilities, Weirdness & Mutations

Your serpentine skin is tough. (AC +2)
You have supernaturally acute eyesight. (SInv)
Armour fits poorly on your strangely shaped body.
Your system is resistant to poisons. (rPois)
You cover ground very slowly.
You can spit poison.
You have a snake-like lower body.


Message History

Cheibriados raises the support of your attributes as your movement slows.
Your Fighting skill increases to level 4!
Your Long Blades skill gained 2 levels and is now at level 4!
Your Armour skill increases to level 6!
Your Invocations skill gained 2 levels and is now at level 4!
You have reached level 6!
Your skin feels tougher.
Unknown command.
Unknown command.
Unknown command.
You hit the two-headed ogre. You burn the two-headed ogre.
The two-headed ogre is lightly wounded.
The two-headed ogre barely misses you. You block the two-headed ogre's attack.
Unknown command.
You barely miss the two-headed ogre.
The two-headed ogre is lightly wounded.
The two-headed ogre barely misses you.
The two-headed ogre hits you with a +0 giant spiked club!
Unknown command.
You slash the two-headed ogre! You burn the two-headed ogre.
The two-headed ogre is moderately wounded.
The two-headed ogre completely misses you.
The two-headed ogre hits you with a +0 giant spiked club!
* * * LOW HITPOINT WARNING * * *
You feel much better.
The yak bellows!
You slash the two-headed ogre! You burn the two-headed ogre.
The two-headed ogre is heavily wounded.
The yak bellows!
The two-headed ogre hits you with a +0 giant spiked club!!
* * * LOW HITPOINT WARNING * * *
The two-headed ogre barely misses you.
Unknown command.
You feel much better.
The killer bee buzzes angrily.
The yak bellows!
The two-headed ogre hits you with a +0 giant spiked club!!
Ouch! That really hurt!
* * * LOW HITPOINT WARNING * * *
The two-headed ogre hits you with a +0 giant spiked club!!
You die... ▓▓▓▓▓▓▓▓▓▓▓▓▓▓▓▓▓▓▓▓▓▓▓▓ +..yYoO@..[.[.)..'______ ▓▓▓▓▓▓▓▓▓▓▓▓▓▓▓▓▓▓▓▓▓▓▓▓

You could see a two-headed ogre (unable to see you), a yak (wandering, unable to see you), an orc warrior (unable to see you) and a killer bee (wandering, unable to see you).

Vanquished Creatures
  A yak (D)
  A kobold brigand (D)
  A jelly (D)
  2 hounds (D)
  An adder (D)
  An orc (D)
  2 bats (D)
  An endoplasm (D)
  A frilled lizard (D)
  A goblin (D)
12 creatures vanquished.

Notes
Turn   | Place    | Note
-------+----------+-------------------------------------------
     0 | D        | Groucho the Naga Fighter began the quest for the Orb.
     0 | D        | Reached XP level 1. HP: 21/21 MP: 1/1
    13 | D        | Reached skill level 1 in Dodging
    23 | D        | Noticed a hound
    23 | D        | Noticed a jelly
    23 | D        | Noticed a hound
    27 | D        | Killed a hound
    28 | D        | Reached XP level 2. HP: 22/28 MP: 2/2
    28 | D        | Reached XP level 3. HP: 27/34 MP: 3/3
    31 | D        | Reached XP level 4. HP: 39/42 MP: 4/4
    35 | D        | Reached skill level 5 in Shields
    40 | D        | Reached skill level 5 in Armour
   456 | D        | Found a snail-covered altar of Cheibriados.
   456 | D        | Found a shadowy altar of Dithmenos.
   456 | D        | Found a white marble altar of Elyvilon.
   456 | D        | Found a blossoming altar of Fedhas.
   456 | D        | Found an opulent altar of Gozag.
   457 | D        | Found a hazy altar of Hepliaklqana.
   458 | D        | Found a viscous altar of Jiyva.
   459 | D        | Found an ancient bone altar of Kikubaaqudgha.
   460 | D        | Became a worshipper of Cheibriados the Contemplative
   461 | D        | Found a corrupted altar of Lugonu.
   462 | D        | Found a burning altar of Makhleb.
   463 | D        | Found a sparkling altar of Nemelex Xobeh.
   464 | D        | Found an iron altar of Okawaru.
   465 | D        | Found a stormy altar of Qazlal.
   466 | D        | Found a sacrificial altar of Ru.
   467 | D        | Found a shimmering blue altar of Sif Muna.
   468 | D        | Found a bloodstained altar of Trog.
   469 | D        | Found a hide-covered altar of Uskayaw.
   470 | D        | Found a radiant altar of Vehumet.
   471 | D        | Found an ornate altar of the Wu Jian Council.
   472 | D        | Found a shimmering altar of Xom.
   473 | D        | Found a basalt altar of Yredelemnul.
   474 | D        | Found a glowing silver altar of Zin.
   475 | D        | Found a glowing golden altar of the Shining One.
   491 | D        | Got the +2 morningstar of the Sandy God {antimagic, Str+3}
   522 | D        | Noticed a yak
   522 | D        | Noticed a two-headed ogre
   522 | D        | Noticed an orc warrior
   522 | D        | Noticed a yak
   522 | D        | Noticed a kobold brigand
   529 | D        | Killed a kobold brigand
   530 | D        | Reached XP level 5. HP: 37/49 MP: 4/6
   540 | D        | Killed a yak
   540 | D        | Reached * piety under Cheibriados
   541 | D        | Reached XP level 6. HP: 39/57 MP: 5/9
   546 | D        | Slain by a two-headed ogre

Illustrated notes

Levels and vault maps discovered:
D:        linesprint [early_d, line_temple, items_1, d_10, items_2, lair_1,
          lair_end, items_3, orc_1, orc_end, items_4, d_15, swamp_1, shoals_1,
          snake_1, spider_1, d_20, vaults_1, items_5, swamp_end, shoals_end,
          snake_end, spider_end, vaults_end, d_27, items_6, zot_1, zot_end,
          crypt_end, forest_end, elf_end, slime_end, tomb_end, abyss_end,
          pan_hell_end]

Skill      XL: |  1  2  3  4  5 |
---------------+----------------+-----
Shields        | 4 6 |  6.7
Dodging        | 2 3 4 |  4.8
Armour         | 3 4 5 6 |  6.1
Long Blades    | 2 4 |  4.0
Invocations    | 2 4 |  4.4
Fighting       | 4 |  4.2
Axes           | |  2.0

Action                   |  1- 3 |  4- 6 || total
-------------------------+-------+-------++-------
Melee: War axe           |    19 |     9 ||    28
       Scimitar          |       |    19 ||    19
  Use: Potion            |     1 |     4 ||     5
 Stab: Invisible         |       |     2 ||     2
Armor: Scale mail        |    11 |     1 ||    12
       Chain mail        |       |     5 ||     5
Dodge: Dodged            |    11 |    14 ||    25
Block: Buckler           |     5 |     7 ||    12
